 Dungeon Crawl Stone Soup version 0.32-a0-485-g70f7560b1c (webtiles) character file.

Game seed: 16185328254766835574

9 Esekla the Sneak (level 2, 14/21 HPs)
             Began as an Octopode Delver on Feb 26, 2024.
             Quit the game on level 5 of the Dungeon.
             The game lasted 00:03:15 (42 turns).

Esekla the Sneak (Octopode Delver)                    Turns: 42, Time: 00:03:16

Health: 14/21      AC:  1    Str: 11    XL:     2   Next: 12%
Magic:  2/2        EV: 13    Int: 12    God:
Gold:   16         SH:  0    Dex: 13    Spells: 1/1 levels left

rFire   . . .        a - +0 falchion
rCold   . . .        (no shield)
rNeg    . . .        (helmet restricted)
rPois   .            (no amulet)
rElec   .            (no ring)
rCorr   .            (no ring)
SInv    .            (no ring)
Will    .....        (no ring)
Stlth   ++++         (no ring)
HPRegen 0.23/turn    (no ring)
MPRegen 0.08/turn    (no ring)
                     (no ring)

%: no passive effects
@: no status effects
A: almost no armour, amphibious, 8 rings, camouflage 1, gelatinous body 1,
(nimble swimmer 1), tentacles
a: no special abilities


You were on level 5 of the Dungeon.
You visited 1 branch of the dungeon, and saw 1 of its levels.

You collected 16 gold pieces.

Inventory:

Hand Weapons
 a - a +0 falchion (weapon)
Wands
 f - a wand of digging (3)
Scrolls
 b - a scroll of fog
Potions
 e - a potion of haste


   Skills:
 * Level 3.1 Fighting
 + Level 2.0 Long Blades
 * Level 2.1 Dodging
 + Level 6.9 Stealth
 * Level 0.4 Spellcasting


You had one spell level left.
You didn't know any spells.
Your spell library was empty.

Dungeon Overview and Level Annotations

Branches:
Dungeon (5/15)
 Temple: D:4-7

Altars:
Zin


Innate Abilities, Weirdness & Mutations

You cannot wear most types of armour.
You are amphibious.
You can wear up to eight rings at the same time.
Your skin changes colour to match your surroundings (Stealth+).
Your rubbery body absorbs attacks. (AC +1, EV +1)
((You are camouflaged when in or above water. (Stealth+)))
You have tentacles for arms and can constrict up to eight enemies at once.


Message History

An adder comes into view. 2 adders come into view.
Found 16 gold pieces.
The adder attacks as it pursues you! The adder barely misses you.
The adder attacks as it pursues you! The adder bites you.
You are poisoned.
The adder poisons you!
You see here 18 gold pieces.
Found a scroll labelled XYIQESM SINTOI.
You feel sick. The adder bites you but does no damage.
You feel sick. The adder attacks as it pursues you!
The adder bites you but does no damage.
You feel sick.
As you read the scroll of fear, it crumbles to dust.
You assume a fearsome visage.
The adder looks frightened!
You feel sick.
You are no longer poisoned.
The adder hisses angrily.
You see here 16 gold pieces.
You now have 16 gold pieces.
Found a glowing silver altar of Zin.
You barely miss the adder. Your grab misses the adder.
Your squeeze misses the adder. The adder misses you.
You barely miss the adder. Your grab misses the adder.
Your squeeze misses the adder. The adder barely misses you.
The adder bites you.
You closely miss the adder. You grab the adder.
You constrict the adder, but do no damage.
The adder misses you.
You hit the adder. Your squeeze misses the adder.
The adder is moderately wounded.
You constrict the adder. The adder barely misses you. The adder bites you.
You hit the adder.
The adder is heavily wounded.
You constrict the adder. The adder bites you. The adder barely misses you.
You hit the adder.
You kill the adder!
You have reached level 2!
Press: ? - help, v - describe, . - travel A silver statue.
Are you sure you want to abandon this character and quit the game? (Confirm with "yes".)

,,,,,,,,*** ,,,,,,....#
,****,....#
###***,#..######
.S,,*####.?#...#
##**##.#.......####*##
.####........###ß.♣.ß#**
.............#.♣.._..♣.#*
..$.........†...@.......*
.#.#........#...........*
#####..#................*
...$#####..............#*
#####,,#..#..........###
,*,*,,....#......##..#
,,,,,......##.....,.##
,,,,,......,......###
,,,,,,,,,,,,,,,,*,*


There were no monsters in sight!

Vanquished Creatures
  An adder (D:5)
1 creature vanquished.

Notes
Turn   | Place    | Note
-------+----------+-------------------------------------------
     0 | D:5      | Esekla the Octopode Delver began the quest for the Orb.
     0 | D:5      | Reached XP level 1. HP: 16/16 MP: 1/1
    30 | D:5      | Found a glowing silver altar of Zin.
    39 | D:5      | Reached XP level 2. HP: 14/21 MP: 2/2
    42 | D:5      | Quit the game

Illustrated notes

Levels and vault maps discovered:
D:5:      layout_cave_pools, zin_academy, amcnicky_mini_corridor_feature,
          nicolae_half_adder

Action                     || total
---------------------------++-------
  Melee: Falchion          ||     6
         Constrict         ||     1
    Use: Scroll            ||     2
 Armour: Skin              ||     6
  Dodge: Dodged            ||     6

Table legend: (Time is in decaauts)
 A = Elapsed time spent in this place.
 B = Non-inter-level travel time spent in this place.
 C = Inter-level travel time spent in this place.
 D = Time resting spent in this place.
 E = Time spent auto-exploring this place.
 F = Levels seen in this place.
 G = Mean time per level.
                   A        B        C        D        E       F      G
               +--------+--------+--------+--------+--------+-----+--------+
         Total |     43 |     43 |      0 |      0 |      0 |   1 |   43.0 |
       Dungeon |     43 |     43 |      0 |      0 |      0 |   1 |   43.0 |
               +--------+--------+--------+--------+--------+-----+--------+

Top non-repeatable levels by time:
     D:5: 43 daAuts
